 Dungeon Crawl Stone Soup version 0.19.1 (webtiles) character file.

64813 Periwinkle the Brawler (level 14, -2/108 HPs)
             Began as a Demonspawn Berserker on Nov 23, 2016.
             Was the Champion of Trog.
             Slain by an orc warrior
             ... wielding a +0 mace
              (9 damage)
             ... on level 2 of the Orcish Mines.
             The game lasted 00:37:44 (18913 turns).

Periwinkle the Brawler (Demonspawn Berserker)      Turns: 18913, Time: 00:37:45

Health: -2/108     AC: 14    Str: 23    XL:     14   Next: 73%
Magic:  0/14       EV:  7    Int:  9    God:    Trog [******]
Gold:   1510       SH:  0    Dex: 12    Spells: 0 memorised, 13 levels left

rFire  . . .     SeeInvis .       - Unarmed
rCold  + . .     Gourm    .     C - +1 plate armour
rNeg   . . .     Faith    .     (no shield)
rPois  +         Spirit   +     (helmet unavailable)
rElec  .         Reflect  .     (no cloak)
rCorr  .         Harm     .     (gloves unavailable)
MR     +++..                    (no boots)
Stlth  ..........               B - amulet of guardian spirit
                                O - ring of protection from cold
                                w - ring of poison resistance

@: regenerating, invisible
A: claws 3, hooves 1, horns 3, powered by death 3, powered by pain 1
a: Berserk, Trog's Hand, Brothers in Arms, Burn Spellbooks, Renounce Religion


You were on level 2 of the Orcish Mines.
You worshipped Trog.
Trog was exalted by your worship.
You were not hungry.

You visited 3 branches of the dungeon, and saw 19 of its levels.
You also visited: Labyrinth and Ice Cave.

You collected 1510 gold pieces.

Inventory:

Missiles
 c - 5 steel javelins
 W - 11 poisoned javelins (quivered)
Armour
 v - a +0 buckler
 C - a +1 plate armour (worn)
Rods
 V - a +4 rod of clouds (13/13)
   (You found it in an ice cave)
Jewellery
 b - an uncursed ring of ice
 n - an uncursed amulet of the gourmand
 u - an uncursed ring of protection from magic
 w - a ring of poison resistance (left claw)
 B - an amulet of guardian spirit (around neck)
 O - a ring of protection from cold (right claw)
 T - an uncursed ring of see invisible
Wands
 s - a wand of lightning (9/15)
 x - a wand of digging (9/24)
 y - a wand of iceblast (10/15)
 D - a wand of iceblast (8/15)
 H - a wand of digging (18/24)
 N - a wand of paralysis (4/24)
 P - a wand of iceblast (5/15)
 S - a wand of acid (8/15)
Scrolls
 e - a scroll of magic mapping
 f - 2 scrolls of remove curse
 g - 8 scrolls of recharging
 h - 17 scrolls of identify
 j - 4 scrolls of enchant weapon
 l - 3 scrolls of fear
 r - 8 scrolls of immolation
 G - a scroll of teleportation
 I - 2 scrolls of enchant armour
Potions
 a - 2 potions of magic
 d - 8 potions of curing
 m - a potion of cure mutation
 o - 5 potions of might
 p - a potion of agility
 q - a potion of invisibility
 z - 4 potions of heal wounds
 A - 3 potions of brilliance
 F - 3 potions of resistance
Comestibles
 i - 5 beef jerkies
 t - 8 meat rations
 J - 13 fruits
 K - 5 slices of pizza
 X - 12 royal jellies


   Skills:
 - Level 9.4 Fighting
   Level 3.2 Long Blades
 - Level 8.0 Throwing
 - Level 8.1 Armour
 - Level 1.7 Dodging
 + Level 18.5 Unarmed Combat


You had 13 spell levels left.
You didn't know any spells.

Dungeon Overview and Level Annotations

Branches:
Dungeon (11/15)            Temple (0/1) D:7            Lair (6/6) D:10
 Shoals (0/4) Lair:4        Snake (0/4) Lair:3        Slime (0/5) Lair:6
    Orc (2/2) D:11            Elf (0/3) Orc:2

Altars:
Cheibriados
Dithmenos
Fedhas
Gozag
Hepliaklqana
Makhleb
Okawaru
Sif Muna
Trog
Uskayaw
Yredelemnul
Zin
The Shining One


Innate Abilities, Weirdness & Mutations

You have claws for hands.
You have large cloven feet.
You have a pair of large horns on your head.
You regenerate a lot of health from kills.
You sometimes gain a little power by taking damage.


Message History

Your troll closely misses the orc warrior.
Your troll claws the orc warrior but does no damage. x2
The ogre hits your troll with a giant club.
You hear a shout!
Things that are here:
a dagger; a robe; an orc corpse You fade into invisibility!
The troll bites you! The troll claws you but does no damage.
The troll claws you.
Your troll completely misses the ogre.
Your troll claws the ogre.
Your troll claws the ogre!
The orc knight unwields an uncursed long sword.
The orc knight wields an arbalest.
The orc knight shoots a bolt.
The bolt barely misses the orc warrior.
The bolt barely misses your troll. The bolt hits you.
* * * LOW HITPOINT WARNING * * *
The orc warrior hits you with a dire flail!!
* * * LOW HITPOINT WARNING * * *
You focus on the pain.
You feel your power returning. The orc warrior hits you with a mace!
You die...

.......................
........................
........................
........................
........................
........................
........................
........................
.......@o...............
###..#oTT..#..####......
##.#oOo..#.## #......
#8.oo8### #......
#..o..# ##...... #.....#
#......# .go....
#.....#.
o........#####......
............8........


You could see an orc knight, a troll, an orc sorcerer, 4 orc warriors, an ogre,
a gnoll shaman, an orc priest, an orc and a friendly troll (berserk).

Vanquished Creatures
  Rupert (Orc:2)
  A stone giant (Orc:2)
  The ghost of tape the Lord of Darkness, a journeyman DEFE of Kikubaaqudgha (Orc:2)
  A minotaur (Lab)
  Fannar (Lair:1)
  Josephine (Orc:1)
  5 hydras
  An unseen horror (D:11)
  An orc knight (D:11)
  3 orc sorcerers
  A wolf spider (Lair:6)
  4 ugly things
  A cyclops (D:10)
  3 sirens (Lair:4)
  2 ice statues (IceCv)
  A gargoyle (D:7)
  8 black mambas
  The ghost of artanisace the Distorting Demonspawn, a novice DsAK of Lugonu (D:5)
  A kobold demonologist (D:11)
  12 komodo dragons
  14 spiny frogs
  2 rime drakes
  A merfolk (Lair:4)
  7 polar bears (Lair:6)
  A troll (Orc:2)
  20 blink frogs
  2 hornets (Lair:6)
  2 raiju (Lair:6)
  2 dream sheep (D:9)
  8 hippogriffs
  2 vampires
  2 redbacks (Lair:6)
  Sigmund (D:6)
  4 wraiths (Orc:1)
  52 yaks
  2 basilisks
  12 wyverns
  Grum (D:9)
  4 nagas (Lair:3)
  24 wargs
  2 hell hounds (Lair:6)
  17 water moccasins
  8 porcupines
  9 black bears (Lair:6)
  16 ice beasts
  4 sky beasts
  13 orc warriors
  2 eyes of draining (D:7)
  7 ogres
  A phantom (D:8)
  2 necrophages
  17 wolves
  6 centaurs
  6 crocodiles
  Blork the orc (Orc:2)
  5 big kobolds
  17 bullfrogs
  3 killer bees (D:7)
  6 scorpions
  2 electric eels
  2 crimson imps
  13 orc priests
  18 hounds
  A centaur skeleton (D:11)
  7 jellies
  A bullfrog skeleton (D:8)
  18 orc wizards
  2 iguanas
  8 worker ants
  A mummy (D:8)
  3 worker ant zombies
  7 gnolls
  16 adders
  2 river rats
  3 shadow imps
  4 oozes
  2 adder skeletons
  4 worms
  A dart slug (D:2)
  4 leopard geckos
  61 orcs
  5 giant cockroaches
  3 goblins
  5 hobgoblins
  6 jackals
  3 quokkas
  10 bats
  A jackal skeleton (D:4)
  10 kobolds
  A leopard gecko skeleton (D:4)
  A quokka skeleton (D:5)
  13 rats
  4 fungi
  A plant (Lair:6)
598 creatures vanquished.

Vanquished Creatures (collateral kills)
  A hill giant (D:11)
  A guardian serpent (Lair:6)
  3 polar bears (Lair:6)
  A hippogriff (Lair:6)
  2 raiju (Lair:6)
  3 yaks (Lair:6)
  A warg (Lair:6)
  2 hell hounds (Lair:6)
  4 black bears (Lair:6)
  A wolf (Lair:6)
  An orc (Orc:2)
  A plant (Lair:6)
21 creatures vanquished.

Vanquished Creatures (others)
  A black mamba (Lair:6)
  A wolf (Lair:6)
  A hound (Lair:6)
  13 fungi
  24 plants
40 creatures vanquished.

Grand Total: 659 creatures vanquished

Notes
Turn   | Place    | Note
-------+----------+-------------------------------------------
     0 | D:1      | Periwinkle the Demonspawn Berserker began the quest for the Orb.
     0 | D:1      | Reached XP level 1. HP: 18/18 MP: 1/1
   909 | D:2      | Gained mutation: You have large cloven feet. [demonic ancestry]
   909 | D:2      | Reached XP level 2. HP: 23/24 MP: 2/2
  1018 | D:2      | Reached skill level 1 in Unarmed Combat
  1224 | D:2      | Found a shadowy altar of Dithmenos.
  1724 | D:2      | Gained mutation: You have sharp fingernails. [demonic ancestry]
  1724 | D:2      | Reached XP level 3. HP: 28/29 MP: 3/3
  1786 | D:2      | Found a blossoming altar of Fedhas.
  1788 | D:2      | Found a glowing golden altar of the Shining One.
  1788 | D:2      | Found a glowing silver altar of Zin.
  1914 | D:3      | Reached skill level 2 in Unarmed Combat
  2316 | D:3      | Reached ** piety under Trog
  2472 | D:3      | Gained mutation: You have a pair of small horns on your head. [demonic ancestry]
  2472 | D:3      | Reached XP level 4. HP: 35/35 MP: 4/4
  2634 | D:3      | Reached skill level 3 in Unarmed Combat
  3356 | D:4      | Reached skill level 4 in Unarmed Combat
  3356 | D:4      | Gained mutation: You regenerate a little health from kills. [demonic ancestry]
  3356 | D:4      | Reached XP level 5. HP: 41/41 MP: 1/5
  3858 | D:5      | Entered Level 5 of the Dungeon
  4076 | D:5      | Noticed artanisace's ghost (novice DsAK)
  4092 | D:5      | Killed artanisace's ghost
  4092 | D:5      | Reached skill level 6 in Unarmed Combat
  4092 | D:5      | Reached XP level 6. HP: 47/47 MP: 3/6
  4092 | D:5      | Gained mutation: You have very sharp fingernails. [demonic ancestry]
  4092 | D:5      | Reached XP level 7. HP: 52/52 MP: 3/7
  4156 | D:5      | Found an opulent altar of Gozag.
  4250 | D:5      | Found a burning altar of Makhleb.
  4450 | D:5      | Reached skill level 7 in Unarmed Combat
  4865 | D:6      | Reached skill level 8 in Unarmed Combat
  4874 | D:6      | Gained mutation: You have a pair of horns on your head. [demonic ancestry]
  4874 | D:6      | Reached XP level 8. HP: 34/58 MP: 4/8
  5018 | D:6      | Noticed Sigmund
  5028 | D:6      | Killed Sigmund
  5104 | D:6      | Reached skill level 9 in Unarmed Combat
  5162 | D:6      | Reached *** piety under Trog
  5679 | D:6      | Reached skill level 10 in Unarmed Combat
  6136 | D:7      | Noticed a hippogriff
  6142 | D:7      | Killed a hippogriff
  6142 | D:7      | Gained mutation: You regenerate health from kills. [demonic ancestry]
  6142 | D:7      | Reached XP level 9. HP: 65/65 MP: 9/9
  6227 | D:7      | Noticed a gargoyle
  6234 | D:7      | Killed a gargoyle
  6439 | D:7      | Found a basalt altar of Yredelemnul.
  6484 | D:7      | Found a staircase to the Ecumenical Temple.
  6614 | D:7      | Found a bloodstained altar of Trog.
  6624 | D:7      | Reached skill level 11 in Unarmed Combat
  6777 | D:7      | Found an iron altar of Okawaru.
  6858 | D:7      | Reached skill level 5 in Fighting
  7354 | D:8      | Found a snail-covered altar of Cheibriados.
  7824 | D:8      | Gained mutation: You regenerate a lot of health from kills. [demonic ancestry]
  7824 | D:8      | Reached XP level 10. HP: 75/75 MP: 10/10
  7847 | D:8      | You fall through a shaft!
  7862 | D:9      | Found a hide-covered altar of Uskayaw.
  7889 | D:9      | Reached **** piety under Trog
  7934 | D:9      | Noticed a hand axe
  7934 | D:9      | Noticed a hand axe
  7945 | D:9      | Noticed Grum
  7961 | D:9      | Killed Grum
  8032 | D:9      | Found a hazy altar of Hepliaklqana.
  8164 | D:9      | Reached skill level 12 in Unarmed Combat
  8169 | D:9      | Reached skill level 5 in Armour
  8371 | D:9      | Noticed a two-headed hydra
  8376 | D:9      | Killed a two-headed hydra
  8637 | D:8      | Reached ***** piety under Trog
  8641 | D:8      | Reached XP level 11. HP: 80/84 MP: 11/11
  8925 | D:10     | Entered Level 10 of the Dungeon
  8969 | D:10     | Found a staircase to the Lair.
  9525 | Lair:1   | Entered Level 1 of the Lair of Beasts
  9639 | Lair:1   | Noticed Fannar
  9660 | Lair:1   | Killed Fannar
  9667 | Lair:1   | Reached skill level 13 in Unarmed Combat
 10664 | Lair:2   | Found a labyrinth entrance.
 10674 | Lab      | Entered a labyrinth
 10876 | Lab      | Noticed a minotaur
 10884 | Lab      | Killed a minotaur
 11796 | Lair:3   | Found a deep blue altar of Sif Muna.
 11915 | Lair:3   | Received a gift from Trog
 11931 | Lair:3   | Found a staircase to the Snake Pit.
 11938 | Lair:3   | Reached skill level 14 in Unarmed Combat
 12026 | Lair:3   | Noticed a four-headed hydra
 12026 | Lair:3   | Gained mutation: You have a pair of large horns on your head. [demonic ancestry]
 12026 | Lair:3   | Reached XP level 12. HP: 83/94 MP: 9/12
 12032 | Lair:3   | Killed a four-headed hydra
 12589 | Lair:4   | Found a frozen archway.
 12625 | IceCv    | Entered an ice cave
 12657 | IceCv    | Identified the Incunabulum of Warped Conjuration
 12708 | IceCv    | Identified a +4 rod of clouds (13/13) (You found it in an ice cave)
 12890 | Lair:4   | Reached skill level 1 in Throwing
 13340 | Lair:4   | Reached skill level 5 in Throwing
 13355 | Lair:4   | Found a staircase to the Shoals.
 13791 | Lair:5   | Noticed a seven-headed hydra
 13797 | Lair:5   | Killed a seven-headed hydra
 13837 | Lair:5   | Gained mutation: You have claws for hands. [demonic ancestry]
 13837 | Lair:5   | Reached XP level 13. HP: 99/101 MP: 13/13
 14372 | Lair:6   | Entered Level 6 of the Lair of Beasts
 14448 | Lair:6   | Paralysed by a hornet for 1 turns
 14589 | Lair:6   | Reached skill level 15 in Unarmed Combat
 14826 | Lair:6   | Found a staircase to the Slime Pits.
 14884 | Lair:6   | Received a gift from Trog
 15215 | Lair:6   | Received a gift from Trog
 15414 | Lair:6   | Reached skill level 16 in Unarmed Combat
 15858 | Lair:6   | Received a gift from Trog
 15962 | Lair:6   | Received a gift from Trog
 16070 | Lair:6   | Gained mutation: You sometimes gain a little power by taking damage. [demonic ancestry]
 16070 | Lair:6   | Reached XP level 14. HP: 95/108 MP: 7/14
 16224 | Lair:6   | Received a gift from Trog
 16325 | Lair:6   | Reached skill level 17 in Unarmed Combat
 16466 | Lair:6   | Received a gift from Trog
 16926 | D:11     | Found a staircase to the Orcish Mines.
 17246 | D:11     | Received a gift from Trog
 17277 | D:11     | Reached ****** piety under Trog
 17397 | D:11     | Received a gift from Trog
 17866 | D:11     | Received a gift from Trog
 18082 | Orc:1    | Entered Level 1 of the Orcish Mines
 18098 | Orc:1    | Noticed Josephine
 18106 | Orc:1    | Killed Josephine
 18106 | Orc:1    | Reached skill level 18 in Unarmed Combat
 18112 | Orc:1    | Received a gift from Trog
 18286 | Orc:2    | Entered Level 2 of the Orcish Mines
 18335 | Orc:2    | Noticed Rupert
 18346 | Orc:2    | Killed Rupert
 18460 | Orc:2    | Noticed a stone giant
 18472 | Orc:2    | Killed a stone giant
 18766 | Orc:2    | Noticed tape's ghost (journeyman DEFE)
 18766 | Orc:2    | Noticed Blork the orc
 18783 | Orc:2    | Killed tape's ghost
 18790 | Orc:2    | Killed Blork the orc
 18847 | Orc:2    | Found a staircase to the Elven Halls.
 18913 | Orc:2    | Slain by an orc warrior

Skill      XL: |  1  2  3  4  5  6  7  8  9 10 11 12 13 14 |
---------------+-------------------------------------------+-----
Long Blades    | 3 |  3.2
Unarmed Combat | 1 2 4 6 8 10 11 12 14 16 18 | 18.5
Armour         | 2 4 5 7 8 |  8.1
Fighting       | 5 7 8 9 |  9.4
Throwing       | 7 8 |  8.0
Dodging        | |  1.7

Action                   |  1- 3 |  4- 6 |  7- 9 | 10-12 | 13-15 || total
-------------------------+-------+-------+-------+-------+-------++-------
Melee: Falchion          |    98 |    94 |       |       |       ||   192
       Kick              |    26 |    24 |    59 |   181 |   249 ||   539
       Headbutt          |       |    20 |    32 |   120 |   154 ||   326
       Unarmed           |       |       |   230 |   538 |   802 ||  1570
       Punch             |       |       |     7 |    23 |    37 ||    67
Throw: Javelin           |       |       |       |       |     3 ||     3
Invok: Berserk           |     5 |     3 |     9 |     9 |    13 ||    39
       Trog's Hand       |       |       |       |     2 |     3 ||     5
       Brothers in Arms  |       |       |       |       |     5 ||     5
Evoke: Wand              |       |       |       |       |     1 ||     1
  Use: Scroll            |       |     9 |     1 |     9 |     4 ||    23
       Potion            |       |     8 |       |     2 |     5 ||    15
  Eat: Chunk             |     8 |     6 |    10 |    11 |    13 ||    48
       Pizza             |     1 |       |       |     1 |       ||     2
       Bread ration      |       |       |     3 |     3 |     4 ||    10
       Fruit             |       |       |       |       |     2 ||     2
       Royal jelly       |       |       |       |       |     1 ||     1
Armor: Robe              |    15 |     3 |       |       |       ||    18
       Animal skin       |     1 |       |       |       |       ||     1
       Scale mail        |       |    20 |    18 |       |       ||    38
       Plate armour      |       |       |    76 |   232 |   516 ||   824
Dodge: Dodged            |    71 |    34 |    84 |   164 |   304 ||   657
       Rpst.: Falchion   |    21 |    16 |       |       |       ||    37
